Match 45294925
Unlisted

Match 45294925
End
Royal Engineer Section
Vickers Machine Gun Team
Construct Section Command Post
Infantry Section
Infantry Section
Infantry Section
Grenade Package
Construct Platoon Command Post
Unlock Bishop Self-propelled Artillery
Selects Indian Artillery Battlegroup
Selects War Cry
Selects Gurkha Rifles Section
Gurkha Rifles Section
Bishop Self-propelled Artillery
6-pounder Anti-tank Gun Team
Selects Volunteer Infantry
Gurkha Rifles Section
Construct Company Command Post
Infantry Training
Crusader II Medium Tank
Crusader II Medium Tank
Selects Artillery Saturation
Selects Off-map Airburst Barrage
Selects Perimeter Monitor
RitraXP
산뢰군
商鞅知马力比干见人心
th3guardianz
luna
Wheel Ones
SUPER_NOOB
VinCo-CN
0
0

Comments sign in to comment!

No comments posted yet!